 Dungeon Crawl Stone Soup version 0.13.0-25-g43d4df3 (webtiles) character file.

150 Impy the Insei (level 4, 0/35 HPs)
             Began as a Demonspawn Monk on Oct 28, 2013.
             Slain by an orc priest
             ... wielding a -1,+0 orcish trident
              (2 damage)
             ... on Level 3 of the Dungeon.
             The game lasted 00:06:02 (2201 turns).

Impy the Insei (Demonspawn Monk)                    Turns: 2201, Time: 00:06:03

HP   0/35        AC  7     Str 11      XL: 4   Next: 13%
MP   3/3         EV 14     Int 13      God:
Gold 73          SH  0     Dex 15      Spells:  0 memorised,  3 levels left

Res.Fire  : . . .   See Invis. : .     - Unarmed
Res.Cold  : . . .   Warding    : .   a - +0 robe
Life Prot.: . . .   Conserve   : .   (no shield)
Res.Poison: .       Res.Corr.  : .   (no helmet)
Res.Elec. : .       Clarity    : .   f - +2 cloak (curse)
Sust.Abil.: . .     Spirit.Shd : .   (no gloves)
Res.Mut.  : .       Stasis     : .   (no boots)
Res.Rott. : .       Flight     : .   (no amulet)
Saprovore : . . .                    (no ring)
                                     (no ring)

@: slightly resistant to hostile enchantments, fairly stealthy
A: hooves 1, AC +2
a: no special abilities


You were on level 3 of the Dungeon.
You were not hungry.

You visited 1 branch of the dungeon, and saw 3 of its levels.

You collected 73 gold pieces.

Inventory:

Armour
 a - a +0 robe (worn)
 f - a cursed +2 cloak (worn)
Comestibles
 b - a bread ration
 h - a rotting chunk of giant gecko flesh
 l - a pear
Scrolls
 c - a scroll of noise
 e - a scroll of random uselessness {unknown}
 k - a scroll of remove curse {unknown}
 m - a scroll of recharging {unknown}
Jewellery
 g - a +1 ring of evasion {unknown}
 j - an uncursed amulet of warding {unknown}
Potions
 i - a potion of curing


   Skills:
 - Level 3.0 Fighting
 + Level 3.6 Dodging
 - Level 1.7 Stealth
 + Level 4.4 Unarmed Combat


You had 3 spell levels left.
You didn't know any spells.

Dungeon Overview and Level Annotations

Branches:
Dungeon (3/27)

Altars:


Innate Abilities, Weirdness & Mutations

You have large cloven feet.
You are mostly covered in rugged brown scales (AC +2, +5% HP).


Message History

The orc priest barely misses you.
You closely miss the orc. You kick the orc, but do no damage.
The orc barely misses you.
The orc priest invokes the aid of Beogh against you.
Something smites you!
You closely miss the orc.
The orc priest calls down the wrath of Beogh upon you.
Something smites you!
* * * LOW HITPOINT WARNING * * *
You closely miss the orc.
The orc hits you with an orcish war axe.
* * * LOW HITPOINT WARNING * * *
You hit the orc.
The orc is almost dead.
The orc priest calls upon Beogh to heal the orc.
The orc's wounds heal themselves!
The orc closely misses you.
You hit the orc.
The orc is almost dead.
The orc priest hits you from afar with an orcish trident.
You die...

#.#.# #.#
#%#.# #.#
#.#.# #.#
#.#.####.#
#.#......#
#.######## #.#
############.#
+........@o>.#
##.########o.#
....# #.#...#
.. #...# %
o?.o# .#^..#
....o# ...#


You could see an orc priest and an orc.

Vanquished Creatures
  2 adders (D:2)
  2 worms (D:2)
  A giant gecko (D:2)
  An ooze (D:1)
  2 orcs (D:3)
  2 giant cockroaches (D:2)
  3 hobgoblins (D:1)
  3 jackals (D:1)
  10 kobolds
  2 quokkas (D:2)
  A ball python (D:2)
  9 bats
  3 giant newts (D:2)
  4 goblins
  6 rats
51 creatures vanquished.

Notes
Turn   | Place    | Note
--------------------------------------------------------------
     0 | D:1      | Impy, the Demonspawn Monk, began the quest for the Orb.
     0 | D:1      | Reached XP level 1. HP: 16/16 MP: 0/0
   275 | D:1      | Gained mutation: You are partially covered in rugged brown scales (AC +1, +3% HP). [demonic ancestry]
   275 | D:1      | Reached XP level 2. HP: 7/22 MP: 1/1
   997 | D:2      | Reached skill level 4 in Unarmed Combat
  1034 | D:2      | Gained mutation: You are mostly covered in rugged brown scales (AC +2, +5% HP). [demonic ancestry]
  1034 | D:2      | Reached XP level 3. HP: 9/29 MP: 2/2
  1909 | D:2      | Gained mutation: You have large cloven feet. [demonic ancestry]
  1909 | D:2      | Reached XP level 4. HP: 35/35 MP: 3/3
  2199 | D:3      | HP: 1/35 [orc/orcish war axe (6)]
  2201 | D:3      | Slain by an orc priest

Action                   |  1- 3 |  4- 6 || total
-------------------------+-------+-------++-------
Melee: Unarmed           |   186 |    30 ||   216
  Use: Potion            |     5 |     1 ||     6
       Scroll            |     4 |       ||     4
 Stab: Sleeping          |     3 |       ||     3
